 Dungeon Crawl Stone Soup version 0.28.0-43-g3370ac3207 (webtiles) character file.

Game seed: 10373082204402101124

31 Ablot the Grasshopper (level 3, -3/31 HPs)
             Began as a Gnoll Warper on Mar 7, 2022.
             Slain by Sigmund
             ... wielding a +1 scythe of venom
              (13 damage)
             ... on level 2 of the Dungeon.
             The game lasted 00:01:36 (1787 turns).

Ablot the Grasshopper (Gnoll Warper)                Turns: 1787, Time: 00:01:37

Health: -3/31      AC:  4    Str: 12    XL:     3   Next: 22%
Magic:  7/9        EV: 12    Int: 12    God:
Gold:   23         SH:  0    Dex: 11    Spells: 10/12 levels left

rFire   . . .      SeeInvis .   i - +2 dagger (drain)
rCold   . . .      Faith    .   (no shield)
rNeg    . . .      Spirit   .   b - +0 leather armour
rPois   .          Reflect  .   o - +0 helmet
rElec   .          Harm     .   (no cloak)
rCorr   .          Rampage  .   (no gloves)
Will    .....                   (no boots)
Stlth   +.........              (no amulet)
HPRegen 0.10/turn               (no ring)
MPRegen 0.11/turn               (no ring)

@: mighty
A: fangs 1, strong nose, distributed training
a: no special abilities


You were on level 2 of the Dungeon.
You visited 1 branch of the dungeon, and saw 2 of its levels.

You collected 23 gold pieces.

Inventory:

Hand Weapons
 a - a +0 spear
 i - a +2 dagger of draining (weapon)
 l - a +1 dagger of electrocution
Missiles
 d - 5 boomerangs of dispersal (quivered)
 e - 21 sling bullets
 h - 39 stones
 k - 28 arrows
Armour
 b - a +0 leather armour (worn)
 o - a +0 helmet (worn)
Scrolls
 c - a scroll of blinking
 j - 3 scrolls of magic mapping {unknown}
 m - a scroll of noise {unknown}
 n - 2 scrolls of identify {unknown}
 p - 2 scrolls of teleportation {unknown}
 q - a scroll of vulnerability {unknown}


   Skills:
 + Level 4.5 Fighting
 + Level 0.7 Short Blades
 + Level 0.7 Long Blades
 + Level 0.7 Axes
 + Level 0.7 Maces & Flails
 + Level 4.5 Polearms
 + Level 0.7 Staves
 + Level 0.7 Slings
 + Level 0.7 Bows
 + Level 0.7 Crossbows
 + Level 2.6 Throwing
 + Level 2.6 Armour
 + Level 4.5 Dodging
 + Level 0.7 Stealth
 + Level 0.7 Shields
 + Level 0.7 Unarmed Combat
 + Level 5.0 Spellcasting
 + Level 0.5 Conjurations
 + Level 0.5 Hexes
 + Level 0.5 Summonings
 + Level 0.5 Necromancy
 + Level 5.4 Translocations
 + Level 0.5 Transmutations
 + Level 0.5 Fire Magic
 + Level 0.5 Ice Magic
 + Level 0.5 Air Magic
 + Level 0.5 Earth Magic
 + Level 0.5 Poison Magic
 + Level 0.9 Invocations
 + Level 0.7 Evocations


You had 10 spell levels left.
You knew the following spells:

 Your Spells              Type           Power      Damage    Failure   Level
a - Blink                 Tloc           32%        N/A       4%          2

Your spell library contained the following spells:

 Spells                   Type           Power      Damage    Failure   Level
 Gell's Gravitas          Tloc           16%        N/A       9%          3
 Lesser Beckoning         Tloc           16%        N/A       9%          3
 Teleport Other           Tloc           16%        N/A       9%          3
 Sting                    Tmut/Pois      16%        1d3       21%         1
 Poisonous Vapours        Pois/Air       8%         N/A       30%         2
 Manifold Assault         Tloc           16%        N/A       58%         5
 Olgreb's Toxic Radiance  Pois           4%         N/A       90%         4


Dungeon Overview and Level Annotations

Branches:
Dungeon (2/15)

Altars:

Shops:
D:1 (

Annotations:
D:2 Sigmund


Innate Abilities, Weirdness & Mutations

You have very sharp teeth.
Your uncanny sense of smell can sniff out nearby items.
Your experience applies equally to all skills.


Message History

You feel sick.
The giant cockroach bites you but does no damage.
You closely miss the giant cockroach. Your bite misses the giant cockroach.
The giant cockroach is heavily wounded.
You feel sick. The giant cockroach misses you. Sigmund closely misses you.
The giant cockroach barely misses you.
You feel sick.
Sigmund hits you with a +1 scythe of venom!
You are lethally poisoned!
The giant cockroach bites you but does no damage.
You barely miss Sigmund.
You feel very sick. The giant cockroach misses you.
You hit Sigmund.
Sigmund is lightly wounded.
* * * LOW HITPOINT WARNING * * *
You feel very sick. Sigmund hits you but does no damage.
You are more poisoned.
The giant cockroach misses you.
Casting: Blink (safe; 4% risk of failure)
Confirm with . or Enter, or press ? or * to list all spells.
You blink.
* * * LOW HITPOINT WARNING * * *
You feel very sick.
It was a potion of might.
You feel very mighty all of a sudden.
* * * LOW HITPOINT WARNING * * *
You feel very sick.
Unknown command.
It was a potion of curing.
You feel better.
Unknown command.
You barely miss the giant cockroach.
The giant cockroach is heavily wounded.
The giant cockroach misses you.
You puncture the giant cockroach!
You kill the giant cockroach!
You feel stable enough to blink again.
Sigmund hits you from afar with a +1 scythe of venom!
You die...

#. #.# #.# ###.###### ####
######## .........# #...
#......##.# ..##.....####...#
#......##.#
..##...†...##...###......##.#
.......†........@†@......##.#
####.......##...##.......##.#
#.....####...##.......##.#
#....†####...##.......##.#
######.......###......##.#
..............###.####....#
.....................>....#
##............####.##.....#
#.####.......# #.##.....#


You could see Sigmund.

Vanquished Creatures
  A worm (D:2)
  2 dart slugs
  2 ball pythons
  2 giant cockroaches
  4 goblins (D:1)
  A hobgoblin (D:1)
  A quokka (D:2)
  3 bats (D:1)
  2 frilled lizards
  4 kobolds
  2 rats (D:1)
24 creatures vanquished.

Vanquished Creatures (others)
  A plant (D:1)
1 creature vanquished.

Grand Total: 25 creatures vanquished

Notes
Turn   | Place    | Note
-------+----------+-------------------------------------------
     0 | D:1      | Ablot the Gnoll Warper began the quest for the Orb.
     0 | D:1      | Reached XP level 1. HP: 20/20 MP: 6/6
   315 | D:1      | Found a faded altar of an unknown god.
   321 | D:1      | Reached XP level 2. HP: 15/23 MP: 7/7
   431 | D:1      | Learned a level 2 spell: Blink
   645 | D:1      | Found Ottaoced's Antique Weapon Shoppe.
  1631 | D:2      | Reached XP level 3. HP: 31/31 MP: 9/9
  1638 | D:2      | Reached skill level 5 in Spellcasting
  1772 | D:2      | Noticed Sigmund
  1784 | D:2      | HP: 1/31 [poisoned by Sigmund]
  1787 | D:2      | Slain by Sigmund

Illustrated notes

Levels and vault maps discovered:
D:1:      saegor_arrival_fortress, layout_loops_corners, serial_shops, shop,
          shapermc_ecumenical_altar_acropolis
D:2:      layout_basic, basic_altar, uniq_sigmund

Skill      XL: |  1  2  3 |
---------------+----------+-----
Spellcasting   | 5 |  5.0
Fighting       | |  4.5
Short Blades   | |  0.7
Long Blades    | |  0.7
Axes           | |  0.7
Maces & Flails | |  0.7
Polearms       | |  4.5
Staves         | |  0.7
Slings         | |  0.7
Bows           | |  0.7
Crossbows      | |  0.7
Throwing       | |  2.6
Armour         | |  2.6
Dodging        | |  4.5
Stealth        | |  0.7
Shields        | |  0.7
Unarmed Combat | |  0.7
Conjurations   | |  0.5
Hexes          | |  0.5
Summonings     | |  0.5
Necromancy     | |  0.5
Translocations | |  5.4
Transmutations | |  0.5
Fire Magic     | |  0.5
Ice Magic      | |  0.5
Air Magic      | |  0.5
Earth Magic    | |  0.5
Poison Magic   | |  0.5
Invocations    | |  0.9
Evocations     | |  0.7

Action                   || total
-------------------------++-------
Melee: Spear             ||    19
       Dagger            ||    59
       Bite              ||     7
       Punch             ||     1
 Cast: Blink             ||     1
  Use: Potion            ||     2
Armor: Leather armour    ||    22
Dodge: Dodged            ||    44
